 Dungeon Crawl Stone Soup version 0.19.4-8-ga85b6b9 (webtiles) character file.

53 empire the Skirmisher (level 3, -1/30 HPs)
             Began as a Mummy Monk on Feb 13, 2017.
             Slain by an orc (3 damage)
             ... on level 3 of the Dungeon.
             The game lasted 00:03:06 (1994 turns).

empire the Skirmisher (Mummy Monk)                  Turns: 1994, Time: 00:03:06

Health: -1/30      AC:  3    Str: 14    XL:     3   Next: 64%
Magic:  3/3        EV: 13    Int:  9    God:
Gold:   25         SH:  0    Dex: 15    Spells: 0 memorised, 2 levels left

rFire  x . .     SeeInvis .     a - +1 falchion
rCold  + . .     Gourm    .     b - +1 robe
rNeg   + + +     Faith    .     (no shield)
rPois  ∞         Spirit   .     (no helmet)
rElec  .         Reflect  .     (no cloak)
rCorr  .         Harm     .     (no gloves)
MR     .....                    (no boots)
Stlth  ++........               (no amulet)
                                (no ring)
                                (no ring)

@: no status effects
A: no food or potions, fire vulnerability, cold resistance 1, negative energy
resistance 3, torment resistance, unbreathing
a: no special abilities


You were on level 3 of the Dungeon.
You were not hungry.

You visited 1 branch of the dungeon, and saw 3 of its levels.

You collected 25 gold pieces.

Inventory:

Hand Weapons
 a - a +1 falchion (weapon)
 c - a cursed -1 short sword
Armour
 b - a +1 robe (worn)
Scrolls
 d - 2 scrolls of identify {unknown}
 g - a scroll of remove curse {unknown}
 h - 3 scrolls of immolation {unknown}


   Skills:
 + Level 3.7 Fighting
 + Level 2.8 Long Blades
 + Level 2.6 Dodging
 + Level 2.2 Stealth


You had 2 spell levels left.
You didn't know any spells.

Dungeon Overview and Level Annotations

Branches:
Dungeon (3/15)

Altars:
Elyvilon

Annotations:
D:3 Terence; empire's ghost, amateur FoFi


Innate Abilities, Weirdness & Mutations

You do not eat or drink.
Your flesh is vulnerable to fire.
You are immune to poison.
Your flesh is cold resistant. (rC+)
You are immune to negative energy. (rN+++)
You are immune to unholy pain and torment.
You can survive without breathing.


Message History

The orc hits you. The rat bites you but does no damage.
The orc priest mumbles some strange prayers to Beogh against you.
Beogh smites you!
The orc wizard mumbles some strange words.
The orc wizard blinks!
The orc closely misses you.
The orc priest invokes the aid of Beogh against you.
Beogh smites you!
* * * LOW HITPOINT WARNING * * *
The orc hits you.
* * * LOW HITPOINT WARNING * * *
A quokka comes into view.
As you read the scroll labeled IZAYD ESTUUMN, it crumbles to dust.
The scroll dissolves into smoke.
It was a scroll of fog.
The orc misses you. The orc hits you.
* * * LOW HITPOINT WARNING * * *
As you read the scroll labeled BAHEOQECIU, it crumbles to dust.
It is a scroll of enchant armour.
Your +0 robe glows green for a moment.
The orc barely misses you. The orc hits you.
You die...

.........#
...)........# ≈
............# ≈≈
...........## ≈≈≈≈≈≈
.........?.# P≈ ≈≈≈≈
#.........#≈♣ PP≈≈ .
#....§....♣♣≈PP≈
....##.#§o§§##≈≈≈≈♣≈≈
≈≈roo...ro@§..#♣P≈≈P≈
≈≈≈≈≈≈.######..P♣
≈≈≈≈### ##.≈♣ #≈#
###..≈♣≈P≈ # #.....≈♣
######.####♣♣ #
###......## P♣≈ ≈
#####.........####..
.##
#.......###........#


You could see 2 orcs and a rat.

Vanquished Creatures
  An adder (D:2)
  2 dart slugs (D:1)
  A leopard gecko (D:1)
  A bat (D:1)
  2 giant cockroaches
  5 hobgoblins (D:1)
  8 jackals
  5 kobolds
  A quokka (D:3)
  A frilled lizard (D:1)
  5 goblins
  A rat (D:1)
33 creatures vanquished.

Notes
Turn   | Place    | Note
-------+----------+-------------------------------------------
     0 | D:1      | empire the Mummy Monk began the quest for the Orb.
     0 | D:1      | Reached XP level 1. HP: 18/18 MP: 1/1
   381 | D:1      | Reached XP level 2. HP: 20/24 MP: 2/2
  1083 | D:1      | Reached XP level 3. HP: 28/29 MP: 3/3
  1193 | D:3      | Noticed empire's ghost (amateur FoFi)
  1886 | D:3      | Found a white marble altar of Elyvilon.
  1961 | D:3      | Noticed Terence
  1992 | D:3      | HP: 1/30 [orc (2)]
  1994 | D:3      | Slain by an orc

Skill      XL: |  1  2  3 |
---------------+----------+-----
Stealth        | 2 |  2.2
Fighting       | |  3.7
Long Blades    | |  2.8
Dodging        | |  2.6

Action                   || total
-------------------------++-------
Melee: Falchion          ||   136
  Use: Scroll            ||     3
 Stab: Sleeping          ||     5
Armor: Robe              ||    19
Dodge: Dodged            ||   100
       Rpst.: Falchion   ||    34
